TOP OF THE 1ST |
San Francisco (APP) Giants batting - Pitching for Danville Braves : RHP Jose Rivero
|
Pitching: RHP Jose Rivero
|
|
Batting: RHB Coen Dirks
|
0-0: Called Strike 0-1: Foul Ball, location: 2F 0-2: Ball 1-2: Foul Ball, location: 2F 1-2: Ball 2-2: Fly out, F4 (Line Drive, 4, EV 70.6 MPH)
|
Batting: RHB Vinny Torres
|
0-0: Called Strike 0-1: Hit by Pitch
|
Batting: RHB Zach Maguire
|
0-0: Swinging Strike 0-1: Ball 1-1: DOUBLE (Line Drive, 78D, EV 105.0 MPH) Vinny Torres to third Runner from 3rd tries for Home, throw by CF and OUT! 8-6-2
|
Batting: RHB Alex Peguero
|
0-0: Ball 1-0: 2-RUN HOME RUN (Flyball, 89XD, EV 98.1 MPH), Distance : 366 ft
|
Batting: RHB Tsugio Yamaguchi
|
0-0: Ball 1-0: Ground out U3 (Groundball, 3L, EV 91.2 MPH)
|
Top of the 1st over - 2 runs, 2 hits, 0 errors, 0 left on base; San Francisco (APP) 2 - Danville 0 |
BOTTOM OF THE 1ST |
Danville Braves batting - Pitching for San Francisco (APP) Giants : RHP Pablo Mejia
|
Pitching: RHP Pablo Mejia
|
|
Batting: RHB Danny Dimas
|
0-0: Ball 1-0: Called Strike 1-1: SINGLE (Groundball, 6MD, EV 100.6 MPH)
|
Batting: RHB Paul Holland
|
0-0: Foul Ball, location: 2F 0-1: Ball 1-1: DOUBLE (Flyball, 8LD, EV 96.9 MPH) Danny Dimas to third
|
Batting: RHB Richard Saquic
|
0-0: Called Strike 0-1: Called Strike 0-2: Foul Ball, location: 2F 0-2: Foul Ball, location: 2F 0-2: Ball 1-2: Ground out 5-3 (Groundball, 56, EV 83.1 MPH) Danny Dimas scores
|
Pitching: LHP Randy Monaco
|
|
Batting: RHB Rodolfo Cosme
|
0-0: Called Strike 0-1: Ball 1-1: Ground out 3-1 (Groundball, 34, EV 85.0 MPH) Paul Holland to third
|
Batting: RHB Ricardo Joya
|
0-0: Called Strike 0-1: Foul Ball, location: 2F 0-2: Foul Ball, location: 2F 0-2: Ball 1-2: Fly out, F9 (Flyball, 89M, EV 93.8 MPH)
|
Bottom of the 1st over - 1 run, 2 hits, 0 errors, 1 left on base; San Francisco (APP) 2 - Danville 1 |
TOP OF THE 2ND |
San Francisco (APP) Giants batting - Pitching for Danville Braves : RHP Jose Rivero
|
Batting: LHB Dennis Jones
|
0-0: Ball 1-0: Hit by Pitch
|
Batting: RHB Jaime Rios
|
0-0: Ball 1-0: Foul Ball, location: 2F 1-1: Called Strike 1-2: Ball 2-2: Ball 3-2: Grounds into double play, 6-4-3 (Groundball, 56, EV 106.9 MPH)
|
Batting: LHB Kuan Hsia
|
0-0: Ball 1-0: Ball 2-0: Ball 3-0: Called Strike 3-1: Base on Balls
|
Batting: RHB Jonathan Hemsley
|
0-0: Called Strike 0-1: Ball 1-1: Ball 2-1: Ball 3-1: Foul Ball, location: 2F 3-2: Base on Balls Kuan Hsia to second
|
Batting: RHB Coen Dirks
|
0-0: Fly out, F9 (Flyball, 9LSF, EV 79.4 MPH)
|
Top of the 2nd over - 0 runs, 0 hits, 0 errors, 2 left on base; San Francisco (APP) 2 - Danville 1 |
BOTTOM OF THE 2ND |
Danville Braves batting - Pitching for San Francisco (APP) Giants : LHP Randy Monaco
|
Batting: RHB Bart Stevensdick
|
0-0: Called Strike 0-1: Ball 1-1: Swinging Strike 1-2: Fly out, F9 (Flyball, 89M, EV 90.0 MPH)
|
Batting: RHB Alex Guerra
|
0-0: Swinging Strike 0-1: Foul Ball, location: 2F 0-2: Foul Ball, location: 2F 0-2: Hit by Pitch
|
Batting: RHB Mennad Maalik
|
0-0: Ball Alex Guerra is caught stealing 2nd base 2-4 1-0: Foul Ball, location: 2F 1-1: Foul Ball, location: 2F 1-2: Ball 2-2: Ball 3-2: Base on Balls
|
Batting: RHB Chad Starnes
|
0-0: Ball 1-0: Foul Ball, location: 2F Pickoff Throw to First - Error! E1 Mennad Maalik to second 1-1: Ball 2-1: Foul Ball, location: 2F 2-2: Foul Ball, location: 2F 2-2: Fly out, F7 (Flyball, 78M, EV 85.0 MPH)
|
Bottom of the 2nd over - 0 runs, 0 hits, 1 error, 1 left on base; San Francisco (APP) 2 - Danville 1 |
TOP OF THE 3RD |
San Francisco (APP) Giants batting - Pitching for Danville Braves : RHP Jose Rivero
|
Batting: RHB Vinny Torres
|
0-0: Swinging Strike 0-1: Ball 1-1: Ball 2-1: Foul Ball, location: 2F 2-2: Strikes out swinging
|
Batting: RHB Zach Maguire
|
0-0: Ball 1-0: SOLO HOME RUN (Flyball, 89XD, EV 98.8 MPH), Distance : 403 ft
|
Batting: RHB Alex Peguero
|
0-0: Called Strike 0-1: Swinging Strike 0-2: Fly out, F8 (Flyball, 78D, EV 91.9 MPH)
|
Batting: RHB Tsugio Yamaguchi
|
0-0: Foul Ball, location: 2F 0-1: Fly out, F7 (Line Drive, 7, EV 87.5 MPH)
|
Top of the 3rd over - 1 run, 1 hit, 0 errors, 0 left on base; San Francisco (APP) 3 - Danville 1 |
BOTTOM OF THE 3RD |
Danville Braves batting - Pitching for San Francisco (APP) Giants : LHP Randy Monaco
|
Batting: RHB Danny Dimas
|
0-0: Ball 1-0: Foul Ball, location: 2F 1-1: Called Strike 1-2: Foul Ball, location: 2F 1-2: SINGLE (Groundball, 4MD, EV 97.5 MPH)
|
Batting: RHB Paul Holland
|
0-0: Foul Ball, location: 2F 0-1: Ball 1-1: Called Strike 1-2: Ball 2-2: Ball 3-2: Strikes out swinging
|
Pitching: RHP Danny Estrada
|
|
Batting: RHB Richard Saquic
|
0-0: Foul Ball, location: 2F 0-1: Ball 1-1: 2-RUN HOME RUN (Flyball, 78XD, EV 101.2 MPH), Distance : 404 ft
|
Batting: RHB Rodolfo Cosme
|
0-0: Fly out, F7 (Line Drive, 7LM, EV 85.6 MPH)
|
Batting: RHB Ricardo Joya
|
0-0: Foul Ball, location: 2F 0-1: Fly out, F8 (Line Drive, 8RM, EV 92.5 MPH)
|
Bottom of the 3rd over - 2 runs, 2 hits, 0 errors, 0 left on base; San Francisco (APP) 3 - Danville 3 |
TOP OF THE 4TH |
San Francisco (APP) Giants batting - Pitching for Danville Braves : RHP Jose Rivero
|
Batting: LHB Dennis Jones
|
0-0: Ball 1-0: Ball 2-0: Swinging Strike 2-1: Ball 3-1: Base on Balls
|
Batting: RHB Jaime Rios
|
0-0: Ball 1-0: Called Strike 1-1: Ball 2-1: Ball 3-1: Base on Balls Dennis Jones to second
|
Batting: LHB Kuan Hsia
|
0-0: Foul Ball, location: 2F 0-1: Ball 1-1: Ball 2-1: Ball 3-1: Base on Balls Dennis Jones to third Jaime Rios to second
|
Batting: RHB Jonathan Hemsley
|
0-0: Ball 1-0: Called Strike 1-1: Fly out, F8 (Line Drive, 8RM, EV 104.4 MPH)
|
Batting: RHB Coen Dirks
|
0-0: Foul Ball, location: 2F 0-1: Ball 1-1: Ball 2-1: Ball 3-1: Base on Balls Dennis Jones scores Jaime Rios to third Kuan Hsia to second
|
Batting: RHB Vinny Torres
|
0-0: Ball 1-0: Ball 2-0: Called Strike 2-1: Foul Ball, location: 2F 2-2: Ball 3-2: Base on Balls Jaime Rios scores Kuan Hsia to third Coen Dirks to second
|
Pitching: RHP Alex Rosales
|
|
Batting: RHB Zach Maguire
|
0-0: Called Strike 0-1: Fly out, F9 (Line Drive, 9S, EV 85.6 MPH)
|
Batting: RHB Alex Peguero
|
0-0: Foul Ball, location: 2F 0-1: Ball 1-1: SINGLE (Groundball, 6D, EV 100.0 MPH) Kuan Hsia scores Coen Dirks to third Vinny Torres to second Runner from 3rd tries for Home, SAFE, throw by CF to home
|
Batting: RHB Tsugio Yamaguchi
|
0-0: Swinging Strike 0-1: Ball 1-1: Called Strike 1-2: Foul Ball, location: 2F 1-2: Ball Wild Pitch! Vinny Torres to third Alex Peguero to second 2-2: Ball 3-2: Ground out 1-3 (Groundball, 15, EV 70.6 MPH)
|
Top of the 4th over - 4 runs, 1 hit, 0 errors, 2 left on base; San Francisco (APP) 7 - Danville 3 |
BOTTOM OF THE 4TH |
Danville Braves batting - Pitching for San Francisco (APP) Giants : RHP Danny Estrada
|
Batting: RHB Bart Stevensdick
|
0-0: Foul Ball, location: 2F 0-1: Called Strike 0-2: Ball 1-2: Ball 2-2: Ground out 6-3 (Groundball, 6M, EV 108.1 MPH)
|
Batting: RHB Alex Guerra
|
0-0: Swinging Strike 0-1: Foul Ball, location: 2F 0-2: Strikes out swinging
|
Batting: RHB Mennad Maalik
|
0-0: Fly out, F3 (Popup, 3F, EV 58.8 MPH)
|
Bottom of the 4th over - 0 runs, 0 hits, 0 errors, 0 left on base; San Francisco (APP) 7 - Danville 3 |
TOP OF THE 5TH |
San Francisco (APP) Giants batting - Pitching for Danville Braves : RHP Alex Rosales
|
Batting: LHB Dennis Jones
|
0-0: Called Strike 0-1: Foul Ball, location: 2F 0-2: Strikes out swinging
|
Batting: RHB Jaime Rios
|
0-0: Ball 1-0: Ground out 6-3 (Groundball, 6, EV 88.8 MPH)
|
Batting: LHB Kuan Hsia
|
0-0: Called Strike 0-1: Ground out 6-3 (Groundball, 6, EV 95.0 MPH)
|
Top of the 5th over - 0 runs, 0 hits, 0 errors, 0 left on base; San Francisco (APP) 7 - Danville 3 |
BOTTOM OF THE 5TH |
Danville Braves batting - Pitching for San Francisco (APP) Giants : RHP Danny Estrada
|
Batting: RHB Chad Starnes
|
0-0: Called Strike 0-1: Ground out 6-3 (Groundball, 6, EV 88.1 MPH)
|
Batting: RHB Danny Dimas
|
0-0: Swinging Strike 0-1: Swinging Strike 0-2: Strikes out swinging
|
Batting: RHB Paul Holland
|
0-0: Ground out 6-3 (Groundball, 6, EV 91.9 MPH)
|
Bottom of the 5th over - 0 runs, 0 hits, 0 errors, 0 left on base; San Francisco (APP) 7 - Danville 3 |
TOP OF THE 6TH |
San Francisco (APP) Giants batting - Pitching for Danville Braves : RHP Alex Rosales
|
Batting: RHB Jonathan Hemsley
|
0-0: Ball 1-0: Swinging Strike 1-1: Called Strike 1-2: Foul Ball, location: 2F 1-2: Strikes out swinging
|
Batting: RHB Coen Dirks
|
0-0: Called Strike 0-1: Ball 1-1: Called Strike 1-2: Ball 2-2: SINGLE (Line Drive, 6MD, EV 98.8 MPH)
|
Batting: RHB Vinny Torres
|
0-0: Ball 1-0: Foul Ball, location: 2F 1-1: Ball 2-1: Foul Ball, location: 2F 2-2: Ball 3-2: Fly out, F8 (Flyball, 8RD, EV 84.4 MPH)
|
Pitching: RHP Jairo Picano
|
|
Batting: RHB Zach Maguire
|
0-0: Foul Ball, location: 2F 0-1: Ball 1-1: Ball 2-1: Called Strike 2-2: Foul Ball, location: 2F 2-2: Ball 3-2: Foul Ball, location: 2F 3-2: Base on Balls Coen Dirks to second
|
Batting: RHB Alex Peguero
|
0-0: Called Strike 0-1: Ball 1-1: Fielders Choice at 2nd, 6-4 (Groundball, 6, EV 90.6 MPH)
|
Top of the 6th over - 0 runs, 1 hit, 0 errors, 2 left on base; San Francisco (APP) 7 - Danville 3 |
BOTTOM OF THE 6TH |
Danville Braves batting - Pitching for San Francisco (APP) Giants : RHP Danny Estrada
|
Batting: RHB Richard Saquic
|
0-0: Foul Ball, location: 2F 0-1: Ball 1-1: Ball 2-1: Ball 3-1: DOUBLE (Line Drive, 78D, EV 101.2 MPH)
|
Batting: RHB Rodolfo Cosme
|
0-0: Ball 1-0: Called Strike 1-1: Called Strike 1-2: Strikes out swinging passed ball, reaches first! Richard Saquic to third
|
Batting: RHB Ricardo Joya
|
0-0: Ball 1-0: Ball 2-0: Foul Ball, location: 2F 2-1: Called Strike 2-2: Ball 3-2: 3-RUN HOME RUN (Flyball, 7LD, EV 91.2 MPH), Distance : 352 ft
|
Pitching: RHP Sam Green
|
|
Batting: RHB Bart Stevensdick
|
0-0: Ball 1-0: Foul Ball, location: 2F 1-1: Swinging Strike 1-2: SINGLE (Line Drive, 9S, EV 89.4 MPH)
|
Batting: RHB Alex Guerra
|
0-0: Ball Wild Pitch! Bart Stevensdick to second 1-0: DOUBLE (Groundball, 5L, EV 102.5 MPH) Bart Stevensdick scores
|
Batting: RHB Mennad Maalik
|
0-0: Intentional Walk
|
Batting: RHB Chad Starnes
|
0-0: Ball Alex Guerra steals 3rd base Mennad Maalik to second 1-0: Ball 2-0: Foul Ball, location: 2F 2-1: Swinging Strike 2-2: Foul Ball, location: 2F 2-2: Strikes out swinging
|
Batting: RHB Danny Dimas
|
0-0: Foul Ball, location: 2F 0-1: Ball 1-1: Ground out 5-3 (Groundball, 56, EV 94.4 MPH)
|
Batting: RHB Paul Holland
|
0-0: Called Strike 0-1: Ground out 6-3 (Groundball, 6, EV 104.4 MPH)
|
Bottom of the 6th over - 4 runs, 4 hits, 0 errors, 2 left on base; San Francisco (APP) 7 - Danville 7 |
TOP OF THE 7TH |
San Francisco (APP) Giants batting - Pitching for Danville Braves : RHP Jairo Picano
|
Batting: RHB Tsugio Yamaguchi
|
0-0: Called Strike 0-1: Ball 1-1: SINGLE (Line Drive, 8LS, EV 95.0 MPH)
|
Batting: LHB Dennis Jones
|
0-0: Ball Pickoff Throw to First - Out! 1-3 1-0: Foul Ball, location: 2F 1-1: SOLO HOME RUN (Flyball, 9D, EV 99.4 MPH), Distance : 390 ft
|
Batting: RHB Jaime Rios
|
0-0: Called Strike 0-1: Ball 1-1: Ball 2-1: Foul Ball, location: 2F 2-2: Ball 3-2: Fly out, F8 (Flyball, 8LXD, EV 100.6 MPH)
|
Batting: LHB Kuan Hsia
|
0-0: Ball 1-0: Ball 2-0: Foul Ball, location: 2F 2-1: Foul Ball, location: 2F 2-2: Ball 3-2: Base on Balls
|
Pitching: LHP Frank Donegan
|
|
Batting: RHB Jonathan Hemsley
|
0-0: Ball 1-0: Swinging Strike 1-1: Ball 2-1: Foul Ball, location: 2F 2-2: Foul Ball, location: 2F 2-2: Ball 3-2: Strikes out swinging
|
Top of the 7th over - 1 run, 2 hits, 0 errors, 1 left on base; San Francisco (APP) 8 - Danville 7 |
BOTTOM OF THE 7TH |
Danville Braves batting - Pitching for San Francisco (APP) Giants : RHP Sam Green
|
Pitching: RHP Kip Connolly
|
|
Batting: RHB Richard Saquic
|
0-0: Swinging Strike 0-1: Called Strike 0-2: Fly out, F8 (Flyball, 8LD, EV 80.6 MPH)
|
Batting: RHB Rodolfo Cosme
|
0-0: Ball 1-0: SINGLE (Line Drive, 8RS, EV 100.6 MPH)
|
Batting: RHB Ricardo Joya
|
0-0: Called Strike 0-1: Called Strike 0-2: Strikes out swinging
|
Pitching: LHP Justin Tidwell
|
|
Batting: RHB Bart Stevensdick
|
0-0: Called Strike 0-1: Foul Ball, location: 2F 0-2: Fielders Choice at 2nd, 6-4 (Groundball, 6, EV 84.4 MPH)
|
Bottom of the 7th over - 0 runs, 1 hit, 0 errors, 1 left on base; San Francisco (APP) 8 - Danville 7 |
TOP OF THE 8TH |
San Francisco (APP) Giants batting - Pitching for Danville Braves : LHP Frank Donegan
|
Batting: RHB Coen Dirks
|
0-0: Ball 1-0: Fly out, F9 (Line Drive, 89S, EV 86.9 MPH)
|
Batting: RHB Vinny Torres
|
0-0: Foul Ball, location: 2F 0-1: Ball 1-1: Ball 2-1: Foul Ball, location: 2F 2-2: Foul Ball, location: 2F 2-2: Fly out, F8 (Flyball, 8LM, EV 93.1 MPH)
|
Batting: RHB Zach Maguire
|
0-0: Called Strike 0-1: Reached on error, E6 (Groundball, 6, EV 106.2 MPH)
|
Batting: RHB Alex Peguero
|
0-0: Ball 1-0: Called Strike 1-1: Fly out, F6 (Line Drive, 6, EV 66.2 MPH)
|
Top of the 8th over - 0 runs, 0 hits, 1 error, 1 left on base; San Francisco (APP) 8 - Danville 7 |
BOTTOM OF THE 8TH |
Danville Braves batting - Pitching for San Francisco (APP) Giants : LHP Justin Tidwell
|
Batting: RHB Alex Guerra
|
0-0: Ball 1-0: Swinging Strike 1-1: Ball 2-1: Called Strike 2-2: Ball 3-2: Strikes out looking
|
Batting: RHB Mennad Maalik
|
0-0: SOLO HOME RUN (Line Drive, 7LD, EV 93.8 MPH), Distance : 326 ft
|
Batting: RHB Chad Starnes
|
0-0: Ball 1-0: Ball 2-0: SOLO HOME RUN (Flyball, 9D, EV 97.5 MPH), Distance : 367 ft
|
Batting: RHB Danny Dimas
|
0-0: Ball 1-0: Ball 2-0: Ball 3-0: Called Strike 3-1: Base on Balls
|
Batting: RHB Paul Holland
|
0-0: Called Strike 0-1: Fly out, F5 (Popup, 5S, EV 90.6 MPH)
|
Batting: RHB Richard Saquic
|
0-0: Swinging Strike 0-1: Called Strike 0-2: Foul Ball, location: 2F 0-2: Strikes out swinging
|
Bottom of the 8th over - 2 runs, 2 hits, 0 errors, 1 left on base; San Francisco (APP) 8 - Danville 9 |
TOP OF THE 9TH |
San Francisco (APP) Giants batting - Pitching for Danville Braves : LHP Frank Donegan
|
Pitching: RHP Outa Tamura
|
|
Batting: RHB Tsugio Yamaguchi
|
0-0: Ball 1-0: Fly out, F7 (Flyball, 78S, EV 83.8 MPH)
|
Batting: LHB Dennis Jones
|
0-0: Ground out 4-3 (Groundball, 4, EV 85.0 MPH)
|
Batting: RHB Jaime Rios
|
0-0: Ball 1-0: Swinging Strike 1-1: Ball 2-1: Ball 3-1: Ground out 6-3 (Groundball, 6, EV 85.0 MPH)
|
Top of the 9th over - 0 runs, 0 hits, 0 errors, 0 left on base; San Francisco (APP) 8 - Danville 9 |
|